SL
NEW ORLEANS VOODOO @ NEW AMSTERDAM DUTCHMEN
09/22/2034
 
TOP OF THE 1ST
New Orleans Voodoo batting - Pitching for New Amsterdam Dutchmen : RHP Domingo Ramírez
Pitching: RHP Domingo Ramírez
Batting: RHB Guy Toussaint 0-0: Ball
1-0: Called Strike
1-1: Ball
2-1: Ball
3-1: Foul Ball, location: 2F
3-2: Strikes out swinging
Batting: RHB Gilberto Juárez 0-0: Ball
1-0: SOLO HOME RUN (Flyball, 7LD), Distance : 345 ft
Batting: RHB Guillermo Coss 0-0: Fly out, F8 (Line Drive, 8LD)
Batting: RHB Griffin Woodfinlevine 0-0: Called Strike
0-1: Called Strike
0-2: Ball
1-2: Foul Ball, location: 2F
1-2: Ball
2-2: Ball
3-2: Ground out U3 (Groundball, 3S)
Top of the 1st over - 1 run, 1 hit, 0 errors, 0 left on base; New Orleans 1 - New Amsterdam 0
BOTTOM OF THE 1ST
New Amsterdam Dutchmen batting - Pitching for New Orleans Voodoo : RHP Gary Ashley
Pitching: RHP Gary Ashley
Batting: LHB Jurg Ursin 0-0: Called Strike
0-1: Ball
1-1: Foul Ball, location: 2F
1-2: Foul Ball, location: 2F
1-2: Strikes out swinging
Batting: LHB SaQwan Hackett 0-0: Foul Ball, location: 2F
0-1: Ball
1-1: Ball
2-1: Fly out, F8 (Flyball, 8RD)
Batting: LHB Carlos Campos 0-0: Ball
1-0: Fly out, F8 (Flyball, 8RS)
Bottom of the 1st over - 0 runs, 0 hits, 0 errors, 0 left on base; New Orleans 1 - New Amsterdam 0
TOP OF THE 2ND
New Orleans Voodoo batting - Pitching for New Amsterdam Dutchmen : RHP Domingo Ramírez
Batting: LHB Mario Nieves 0-0: Fly out, F4 (Popup, 34D)
Batting: RHB Claudio Tappen 0-0: Fly out, F7 (Flyball, 7)
Batting: LHB Weston Doyle 0-0: Foul Ball, location: 2F
0-1: Ball
1-1: Ground out U3 (Groundball, 3)
Top of the 2nd over - 0 runs, 0 hits, 0 errors, 0 left on base; New Orleans 1 - New Amsterdam 0
BOTTOM OF THE 2ND
New Amsterdam Dutchmen batting - Pitching for New Orleans Voodoo : RHP Gary Ashley
Batting: LHB Divine Diablo 0-0: Foul Ball, location: 2F
0-1: Foul Ball, location: 2F
0-2: Fly out, F9 (Line Drive, 9)
Batting: LHB José Corona 0-0: Ball
1-0: Foul Ball, location: 2F
1-1: Swinging Strike
1-2: Ball
2-2: Ball
3-2: Base on Balls
Batting: LHB Ángel Ríos 0-0: SINGLE (Groundball, 34D)
José Corona to second
Runner from 2nd tries for 3rd, SAFE, no throw
Batting: RHB Kyu-cheol Kye 0-0: Called Strike
0-1: Ball
1-1: Foul Ball, location: 2F
1-2: Strikes out swinging
Batting: LHB Takayuki Yoshikawa 0-0: Ball
1-0: Called Strike
1-1: Foul Ball, location: 2F
1-2: Strikes out swinging
Bottom of the 2nd over - 0 runs, 1 hit, 0 errors, 2 left on base; New Orleans 1 - New Amsterdam 0
TOP OF THE 3RD
New Orleans Voodoo batting - Pitching for New Amsterdam Dutchmen : RHP Domingo Ramírez
Batting: RHB Colm Goodwill 0-0: Bunted foul
0-1: Ball
1-1: Called Strike
1-2: Ball
2-2: Foul Ball, location: 2F
2-2: Strikes out swinging
Batting: RHB Orlando Velásquez 0-0: Fly out, F9 (Line Drive, 9LS)
Batting: RHB Guy Toussaint 0-0: Called Strike
0-1: Ball
1-1: Foul Ball, location: 2F
1-2: Ground out 1-3 (Groundball, 15S)
Top of the 3rd over - 0 runs, 0 hits, 0 errors, 0 left on base; New Orleans 1 - New Amsterdam 0
BOTTOM OF THE 3RD
New Amsterdam Dutchmen batting - Pitching for New Orleans Voodoo : RHP Gary Ashley
Batting: RHB James Hemwick 0-0: Called Strike
0-1: DOUBLE (Line Drive, 78D)
Batting: LHB Jurg Ursin 0-0: Called Strike
0-1: Ball
1-1: Swinging Strike
1-2: Strikes out swinging
Batting: LHB SaQwan Hackett 0-0: Ball
1-0: Called Strike
James Hemwick is caught stealing 3rd base
1-1: Ball
2-1: Ball
3-1: Fly out, F8 (Flyball, 89D)
Bottom of the 3rd over - 0 runs, 1 hit, 0 errors, 0 left on base; New Orleans 1 - New Amsterdam 0
TOP OF THE 4TH
New Orleans Voodoo batting - Pitching for New Amsterdam Dutchmen : RHP Domingo Ramírez
Batting: RHB Gilberto Juárez 0-0: Swinging Strike
0-1: Fly out, F8 (Flyball, 8RXD)
Batting: RHB Guillermo Coss 0-0: Ball
1-0: Ground out 1-3 (Groundball, 15S)
Batting: RHB Griffin Woodfinlevine 0-0: DOUBLE (Line Drive, 78D)
Batting: LHB Mario Nieves 0-0: 2-RUN HOME RUN (Flyball, 9LD), Distance : 345 ft
Batting: RHB Claudio Tappen 0-0: Ground out 1-3 (Groundball, 15S)
Top of the 4th over - 2 runs, 2 hits, 0 errors, 0 left on base; New Orleans 3 - New Amsterdam 0
BOTTOM OF THE 4TH
New Amsterdam Dutchmen batting - Pitching for New Orleans Voodoo : RHP Gary Ashley
Batting: LHB Carlos Campos 0-0: Called Strike
0-1: Fly out, F7 (Flyball, 7S)
Batting: LHB Divine Diablo 0-0: Fly out, F9 (Flyball, 89D)
Batting: LHB José Corona 0-0: Called Strike
0-1: Ground out U3 (Groundball, 3L)
Bottom of the 4th over - 0 runs, 0 hits, 0 errors, 0 left on base; New Orleans 3 - New Amsterdam 0
TOP OF THE 5TH
New Orleans Voodoo batting - Pitching for New Amsterdam Dutchmen : RHP Domingo Ramírez
Batting: LHB Weston Doyle 0-0: SOLO HOME RUN (Flyball, 9D), Distance : 376 ft
Batting: RHB Colm Goodwill 0-0: Ball
1-0: SOLO HOME RUN (Flyball, 78XD), Distance : 416 ft
Batting: RHB Orlando Velásquez 0-0: Ball
1-0: Foul Ball, location: 2F
1-1: Foul Ball, location: 2F
1-2: Ball
2-2: Ball
3-2: Ground out 5-3 (Groundball, 56)
Batting: RHB Guy Toussaint 0-0: Ball
1-0: Called Strike
1-1: DOUBLE (Line Drive, 9LS)
Batting: RHB Gilberto Juárez 0-0: Intentional Walk
Batting: RHB Guillermo Coss 0-0: Ball
1-0: Swinging Strike
1-1: Ball
2-1: Fly out, F9 (Flyball, 9LS)
Batting: RHB Griffin Woodfinlevine 0-0: Ball
1-0: Ground out 3-1 (Groundball, 34S)
Top of the 5th over - 2 runs, 3 hits, 0 errors, 2 left on base; New Orleans 5 - New Amsterdam 0
BOTTOM OF THE 5TH
New Amsterdam Dutchmen batting - Pitching for New Orleans Voodoo : RHP Gary Ashley
Batting: LHB Ángel Ríos 0-0: Fly out, F7 (Flyball, 7)
Batting: RHB Kyu-cheol Kye 0-0: Ball
1-0: Foul Ball, location: 2F
1-1: Ground out 5-3 (Groundball, 56)
Batting: LHB Takayuki Yoshikawa 0-0: Ball
1-0: Foul Ball, location: 2F
1-1: Foul Ball, location: 2F
1-2: SINGLE (Groundball, 6M) (infield hit)
Batting: RHB James Hemwick 0-0: Called Strike
0-1: Ball
1-1: Ball
2-1: Called Strike
2-2: Fielders Choice at 2nd, 5-4 (Groundball, 5L)
Bottom of the 5th over - 0 runs, 1 hit, 0 errors, 1 left on base; New Orleans 5 - New Amsterdam 0
TOP OF THE 6TH
New Orleans Voodoo batting - Pitching for New Amsterdam Dutchmen : RHP Domingo Ramírez
Batting: LHB Mario Nieves 0-0: SINGLE (Line Drive, 8LS)
Batting: RHB Claudio Tappen 0-0: Ball
1-0: Ball
2-0: Called Strike
2-1: Swinging Strike
2-2: Ball
3-2: Strikes out swinging
Batting: LHB Weston Doyle 0-0: Ball
1-0: Called Strike
1-1: Ball
2-1: Called Strike
2-2: Fly out, F9 (Flyball, 9S)
Batting: RHB Colm Goodwill 0-0: Ball
1-0: Fly out, F7 (Flyball, 7LM)
Top of the 6th over - 0 runs, 1 hit, 0 errors, 1 left on base; New Orleans 5 - New Amsterdam 0
BOTTOM OF THE 6TH
New Amsterdam Dutchmen batting - Pitching for New Orleans Voodoo : RHP Gary Ashley
Batting: LHB Jurg Ursin 0-0: Called Strike
0-1: SINGLE (Line Drive, 89S)
Batting: LHB SaQwan Hackett 0-0: Grounds into double play, 3-6-3 (Groundball, 3)
Batting: LHB Carlos Campos 0-0: Swinging Strike
0-1: Foul Ball, location: 2F
0-2: Strikes out looking
Bottom of the 6th over - 0 runs, 1 hit, 0 errors, 0 left on base; New Orleans 5 - New Amsterdam 0
TOP OF THE 7TH
New Orleans Voodoo batting - Pitching for New Amsterdam Dutchmen : RHP Domingo Ramírez
Pitching: RHP Daniel Lavalley
Batting: RHB Orlando Velásquez 0-0: Called Strike
0-1: Ball
1-1: Ball
2-1: Foul Ball, location: 2F
2-2: Ball
3-2: SINGLE (Flyball, 9LS)
Batting: RHB Guy Toussaint 0-0: Ball
1-0: Ball
2-0: Ball
3-0: Fly out, F5 (Line Drive, 5S)
Batting: RHB Gilberto Juárez 0-0: SINGLE (Groundball, 56D)
Orlando Velásquez to second
Orlando Velásquez to third
Batting: RHB Guillermo Coss 0-0: Called Strike
Gilberto Juárez steals 2nd base
0-1: Ball
1-1: Swinging Strike
1-2: Strikes out swinging
Batting: RHB Griffin Woodfinlevine 0-0: Intentional Walk
Batting: LHB Mario Nieves 0-0: Fly out, F9 (Flyball, 9S)
Top of the 7th over - 0 runs, 2 hits, 0 errors, 3 left on base; New Orleans 5 - New Amsterdam 0
BOTTOM OF THE 7TH
New Amsterdam Dutchmen batting - Pitching for New Orleans Voodoo : RHP Gary Ashley
Batting: LHB Divine Diablo 0-0: Ball
1-0: Called Strike
1-1: Called Strike
1-2: Foul Ball, location: 2F
1-2: Strikes out swinging
Batting: LHB José Corona 0-0: Swinging Strike
0-1: Foul Ball, location: 2F
0-2: Ball
1-2: Ball
2-2: Strikes out swinging
Batting: LHB Ángel Ríos 0-0: Called Strike
0-1: Swinging Strike
0-2: Strikes out looking
Bottom of the 7th over - 0 runs, 0 hits, 0 errors, 0 left on base; New Orleans 5 - New Amsterdam 0
TOP OF THE 8TH
New Orleans Voodoo batting - Pitching for New Amsterdam Dutchmen : RHP Daniel Lavalley
Batting: RHB Claudio Tappen 0-0: Ball
1-0: Ball
2-0: Foul Ball, location: 2F
2-1: Foul Ball, location: 2F
2-2: Fly out, F8 (Flyball, 8LM)
Batting: LHB Weston Doyle 0-0: Called Strike
0-1: Fly out, F7 (Flyball, 78M)
Batting: RHB Colm Goodwill 0-0: Foul Ball, location: 2F
0-1: Ball
1-1: Ball
2-1: Foul Ball, location: 2F
2-2: Foul Ball, location: 2F
2-2: Foul Ball, location: 2F
2-2: Foul Ball, location: 2F
2-2: Strikes out swinging
Top of the 8th over - 0 runs, 0 hits, 0 errors, 0 left on base; New Orleans 5 - New Amsterdam 0
BOTTOM OF THE 8TH
New Amsterdam Dutchmen batting - Pitching for New Orleans Voodoo : RHP Gary Ashley
Now at 1B: Noah Bushby
Now in RF: Eikki Kankaanperä
Batting: RHB Kyu-cheol Kye 0-0: Fly out, F8 (Flyball, 8LM)
Batting: LHB Takayuki Yoshikawa 0-0: Ball
1-0: Foul Ball, location: 2F
1-1: Foul Ball, location: 2F
1-2: Strikes out looking
Batting: RHB James Hemwick 0-0: Foul Ball, location: 2F
0-1: Swinging Strike
0-2: Ball
1-2: Foul Ball, location: 2F
1-2: Foul Ball, location: 2F
1-2: Ball
2-2: TRIPLE (Line Drive, 8RXD)
Batting: LHB Jurg Ursin 0-0: Called Strike
0-1: Ground out 4-3 (Groundball, 4M)
Bottom of the 8th over - 0 runs, 1 hit, 0 errors, 1 left on base; New Orleans 5 - New Amsterdam 0
TOP OF THE 9TH
New Orleans Voodoo batting - Pitching for New Amsterdam Dutchmen : RHP Daniel Lavalley
Batting: RHB Orlando Velásquez 0-0: Ball
1-0: Foul Ball, location: 2F
1-1: Ball
2-1: Ball
3-1: Swinging Strike
3-2: SINGLE (Line Drive, 4MD)
Batting: RHB Guy Toussaint 0-0: Ball
1-0: Fly out, F7 (Flyball, 7LSF)
Batting: RHB Gilberto Juárez 0-0: Called Strike
0-1: Ball
1-1: Ball
2-1: Ball
3-1: Base on Balls
Orlando Velásquez to second
Batting: RHB Guillermo Coss 0-0: Ball
1-0: Ball
2-0: Called Strike
2-1: Fielders Choice at 2nd, 5-4 (Groundball, 56)
Orlando Velásquez to third
Batting: RHB Griffin Woodfinlevine 0-0: Swinging Strike
0-1: Called Strike
0-2: Foul Ball, location: 2F
0-2: Ball
1-2: Foul Ball, location: 2F
1-2: Ground out 4-3 (Groundball, 34)
Top of the 9th over - 0 runs, 1 hit, 0 errors, 2 left on base; New Orleans 5 - New Amsterdam 0
BOTTOM OF THE 9TH
New Amsterdam Dutchmen batting - Pitching for New Orleans Voodoo : RHP Gary Ashley
Now at C: Apu Nahasapeemapetilon
Now at 2B: Sergio Vásquez
Batting: LHB SaQwan Hackett 0-0: Swinging Strike
0-1: Ground out U3 (Groundball, 34)
Batting: LHB Carlos Campos 0-0: Ball
1-0: Called Strike
1-1: SINGLE (Line Drive, 34)
Batting: LHB Divine Diablo 0-0: Called Strike
0-1: SINGLE (Flyball, 89S)
Carlos Campos to second
Batting: LHB José Corona 0-0: Ball
1-0: Swinging Strike
1-1: Ball
2-1: SINGLE (Groundball, 4MD)
Carlos Campos to third
Divine Diablo to second
Pitching: RHP Mark Valle
Batting: LHB Ángel Ríos 0-0: Foul Ball, location: 2F
0-1: Ball
1-1: Ground out U3 (Groundball, 34S)
Carlos Campos scores
Divine Diablo to third
José Corona to second
Batting: RHB Kyu-cheol Kye 0-0: Called Strike
0-1: Called Strike
0-2: Foul Ball, location: 2F
0-2: Ball
1-2: Ball
2-2: Foul Ball, location: 2F
2-2: Ball
3-2: Base on Balls
Batting: LHB Takayuki Yoshikawa 0-0: Called Strike
0-1: Foul Ball, location: 2F
0-2: Ball
1-2: Strikes out swinging
Bottom of the 9th over - 1 run, 3 hits, 0 errors, 3 left on base; New Orleans 5 - New Amsterdam 1
Friday, March 29th, 2019 - OOTP Baseball 18.8 Build 76